 Dungeon Crawl Stone Soup version 0.21.1-1-g345015f (webtiles) character file.

6839 vatarom the Arsonist (level 10, -7/57 HPs)
             Began as a Deep Elf Fire Elementalist on Apr 9, 2018.
             Was a Believer of Vehumet.
             Mangled by an unseen horror (10 damage)
             ... on level 10 of the Dungeon.
             The game lasted 00:29:25 (11281 turns).

vatarom the Arsonist (Deep Elf Fire Elementalist)  Turns: 11281, Time: 00:29:25

Health: -7/57      AC:  5    Str: 10    XL:     10   Next: 77%
Magic:  2/26       EV: 13    Int: 23    God:    Vehumet [**....]
Gold:   256        SH:  0    Dex: 15    Spells: 15/30 levels left

rFire    . . .     SeeInvis .   m - +1 dagger (venom)
rCold    + . .     Gourm    +   (no shield)
rNeg     . . .     Faith    .   H - +2 robe {rC+}
rPois    .         Spirit   .   (no helmet)
rElec    .         Reflect  .   (no cloak)
rCorr    .         Harm     .   (no gloves)
MR       +....                  j - +0 pair of boots
Stlth    ++........             n - amulet of the gourmand
HPRegen  0.19/turn              o - +4 ring of strength
MPRegen  0.20/turn              (no ring)

@: no status effects
A: no striking features
a: Renounce Religion


You were on level 10 of the Dungeon.
You worshipped Vehumet.
Vehumet was pleased with you.
You were not hungry.

You visited 2 branches of the dungeon, and saw 11 of its levels.

You collected 691 gold pieces.
You spent 435 gold pieces at shops.

Inventory:

Hand Weapons
 m - a +1 dagger of venom (weapon)
Armour
 a - a +1 robe
 j - a +0 pair of boots (worn)
 H - a +2 robe of cold resistance (worn)
Jewellery
 n - an amulet of the gourmand (around neck)
 o - a +4 ring of strength (left hand)
 y - an uncursed ring of protection from cold {unknown}
 D - an uncursed ring of ice
 F - an uncursed ring of ice
 K - an uncursed amulet of regeneration {unknown}
Wands
 f - a wand of clouds (7)
 p - a wand of scattershot (1)
 q - a wand of polymorph (26)
 C - a wand of acid (5)
 G - a wand of paralysis (9)
 J - a wand of random effects (23)
Scrolls
 d - 7 scrolls of remove curse
 i - 3 scrolls of enchant weapon
 s - 3 scrolls of amnesia
 t - 3 scrolls of immolation
 u - 2 scrolls of random uselessness
 w - a scroll of magic mapping
Potions
 e - 2 potions of lignification
 g - 2 potions of cancellation
 h - a potion of haste {unknown}
 k - 2 potions of agility {unknown}
 l - a potion of mutation {unknown}
 r - a potion of flight
 z - a potion of resistance {unknown}
 A - 2 potions of invisibility {unknown}
 B - 2 potions of might {unknown}
Books
 b - a book of Flames

   Spells                             Type                      Level
   a - Flame Tongue                   Conjuration/Fire             1
   b - Throw Flame                    Conjuration/Fire             2
   c - Conjure Flame                  Conjuration/Fire             3
   d - Inner Flame                    Hexes/Fire                   3
   e - Sticky Flame                   Conjuration/Fire             4
   f - Fireball                       Conjuration/Fire             5
Comestibles
 c - 25 rations


   Skills:
 + Level 4.3 Fighting
 - Level 2.4 Dodging
 - Level 2.4 Stealth
 + Level 10.5 Spellcasting
 + Level 8.6 Conjurations
 * Level 12.3 Fire Magic


You had 15 spell levels left.
You knew the following spells:

 Your Spells              Type           Power        Failure   Level  Hunger
a - Flame Tongue          Conj/Fire      #####        1%          1    None
b - Throw Flame           Conj/Fire      ######       1%          2    None
c - Conjure Flame         Conj/Fire      ######..     1%          3    None
d - Sticky Flame          Conj/Fire      ######..     1%          4    #......
e - Fireball              Conj/Fire      ######....   1%          5    ####...


Dungeon Overview and Level Annotations

Branches:
Dungeon (10/15)            Temple (1/1) D:7            Lair (0/6) D:10
    Orc: D:9-12

Altars:
Ashenzari
Cheibriados
Dithmenos
Elyvilon
Fedhas
Gozag
Hepliaklqana
Kikubaaqudgha
Makhleb
Nemelex Xobeh
Okawaru
Qazlal
Ru
Sif Muna
Trog
Uskayaw
Vehumet
Wu Jian
Xom
Yredelemnul
Zin
The Shining One

Shops:
D:7 *   D:8 [

Annotations:
D:5 Verendum's ghost, novice GrFi


Message History

You assume a fearsome visage.
Nothing appears to happen.
The plant is engulfed in a cloud of scalding steam. x3
Something hits you!
* * * LOW HITPOINT WARNING * * *
Unknown command.
The plant is engulfed in a cloud of scalding steam. x2
Something hits you.
* * * LOW HITPOINT WARNING * * *
The phantom hits the plant but does no damage.
The plant is engulfed in a cloud of scalding steam.
The phantom is engulfed in a cloud of scalding steam.
Something hits you.
* * * LOW HITPOINT WARNING * * *
Casting: Fireball
Confirm with . or Enter, or press ? or * to list all spells.
Aiming: Sticky Flame
Press: ? - help, Shift-Dir - straight line, p - plant The plant is engulfed in a cloud of scalding steam.
Something hits you!
You die...

# #.#..########.#
###.#[.).....##.###
))(...#####...#....
##)..#####..(...#
#.....##......>.#
..[....###.....###
....P..####......#
.............###.#
.........##### #@##
...>.....# #..###
.:......##
##...#### .
........#
#...PP≈♣≈.
.......##
#♣♣.WP≈≈≈P♣
.......#
##♣≈≈.§≈P≈≈P≈
#.....##
#≈≈≈≈)≈≈≈≈≈P≈
##...##
♣♣≈≈≈.≈≈≈≈P≈≈
.##.###
♣≈≈≈P)≈≈≈≈≈≈♣


You could see a phantom.

Vanquished Creatures
  Fannar (D:10)
  2 two-headed ogres
  The ghost of Serooblart the Destroyer, a novice DEFE of Vehumet (D:7)
  A troll (D:9)
  3 hippogriffs
  A wraith (D:10)
  A steam dragon (D:10)
  3 wargs
  An orc warrior (D:9)
  2 sky beasts
  A hornet zombie (D:5)
  6 ogres
  A phantom (D:6)
  A centaur (D:7)
  A big kobold (D:10)
  6 bullfrogs
  2 scorpions
  3 howler monkeys
  3 electric eels (D:10)
  A crimson imp (D:5)
  5 hounds
  A quasit (D:8)
  5 orc priests
  A centaur skeleton (D:5)
  4 jellies
  8 orc wizards
  2 iguanas
  4 worker ants
  A worker ant zombie (D:8)
  A howler monkey skeleton (D:6)
  6 gnolls
  14 adders
  4 shadow imps
  7 oozes
  An adder zombie (D:5)
  3 dart slugs
  2 leopard geckos
  33 orcs
  7 bats
  5 giant cockroaches
  12 goblins
  6 hobgoblins
  22 jackals
  12 kobolds
  6 quokkas
  4 frilled lizards
  3 rats
220 creatures vanquished.

Notes
Turn   | Place    | Note
-------+----------+-------------------------------------------
     0 | D:1      | vatarom the Deep Elf Fire Elementalist began the quest for the Orb.
     0 | D:1      | Reached XP level 1. HP: 10/10 MP: 6/6
   247 | D:1      | Reached XP level 2. HP: 15/15 MP: 6/8
   756 | D:1      | You fall through a shaft!
   803 | D:2      | Learned a level 2 spell: Throw Flame
   849 | D:2      | Reached skill level 4 in Fire Magic
   849 | D:2      | Reached XP level 3. HP: 19/19 MP: 6/10
   949 | D:2      | Learned a level 3 spell: Conjure Flame
  1047 | D:2      | Reached XP level 4. HP: 17/24 MP: 3/11
  1201 | D:2      | Learned a level 4 spell: Sticky Flame
  1931 | D:3      | Reached skill level 5 in Fire Magic
  1970 | D:3      | Reached XP level 5. HP: 19/28 MP: 0/13
  2733 | D:4      | Reached XP level 6. HP: 19/32 MP: 10/15
  3033 | D:4      | Reached skill level 5 in Spellcasting
  3055 | D:4      | Reached skill level 6 in Fire Magic
  3246 | D:4      | Learned a level 5 spell: Fireball
  3663 | D:4      | Reached XP level 7. HP: 36/36 MP: 12/17
  3951 | D:4      | Reached skill level 7 in Fire Magic
  4377 | D:4      | Found a glowing golden altar of the Shining One.
  4394 | D:5      | Entered Level 5 of the Dungeon
  4667 | D:5      | Reached skill level 5 in Conjurations
  4725 | D:5      | Reached XP level 8. HP: 41/41 MP: 15/20
  4732 | D:5      | Reached skill level 8 in Fire Magic
  4940 | D:5      | Noticed Verendum's ghost (novice GrFi)
  5431 | D:5      | Found a radiant altar of Vehumet.
  5434 | D:5      | Found a hide-covered altar of Uskayaw.
  5438 | D:5      | Became a worshipper of Vehumet
  5444 | D:5      | Found an ancient bone altar of Kikubaaqudgha.
  5639 | D:6      | Found an ornate altar of the Wu Jian Council.
  5788 | D:6      | Found a glowing silver altar of Zin.
  5788 | D:6      | Found an opulent altar of Gozag.
  6056 | D:6      | Reached skill level 9 in Fire Magic
  6513 | D:7      | Noticed Serooblart's ghost (novice DEFE)
  6559 | D:7      | Found Buzohugo's Assorted Antiques.
  6567 | D:7      | Bought a papyrus book for 435 gold pieces
  6822 | D:7      | HP: 2/41 [centaur (10)]
  7123 | D:7      | Identified a scroll of acquirement
  7135 | D:7      | Killed Serooblart's ghost
  7135 | D:7      | Reached skill level 1 in Fighting
  7135 | D:7      | Reached XP level 9. HP: 37/47 MP: 16/23
  7425 | D:7      | Noticed a two-headed ogre
  7436 | D:7      | Killed a two-headed ogre
  7436 | D:7      | Reached skill level 10 in Fire Magic
  7507 | D:7      | Found a staircase to the Ecumenical Temple.
  7523 | Temple   | Entered the Ecumenical Temple
  7742 | D:7      | Reached * piety under Vehumet
  7742 | D:7      | Offered knowledge of Sandblast by Vehumet.
  7751 | D:7      | Found a bloodstained altar of Trog.
  8136 | D:8      | Got a dazzling dagger
  8137 | D:8      | Identified the +4 dagger of Linearity {protect, MR+} (You found it on level 8 of the Dungeon)
  8173 | D:8      | Found Kiluoqarch's Antique Armour Shoppe.
  9070 | D:8      | Found a white marble altar of Elyvilon.
  9183 | D:8      | Reached skill level 11 in Fire Magic
  9549 | D:9      | Noticed a troll
  9562 | D:9      | Killed a troll
  9562 | D:9      | Reached XP level 10. HP: 56/56 MP: 20/25
  9707 | D:9      | Offered knowledge of Searing Ray by Vehumet.
  9743 | D:9      | Reached ** piety under Vehumet
  9785 | D:9      | Found a sacrificial altar of Ru.
  9952 | D:9      | Noticed a two-headed ogre
  9956 | D:9      | Killed a two-headed ogre
 10138 | D:9      | Reached skill level 10 in Spellcasting
 10302 | D:10     | Entered Level 10 of the Dungeon
 10304 | D:10     | Noticed Fannar
 10717 | D:10     | Killed Fannar
 10717 | D:10     | Reached skill level 12 in Fire Magic
 10971 | D:10     | Found a staircase to the Lair.
 11217 | D:10     | Offered knowledge of Mephitic Cloud by Vehumet.
 11280 | D:10     | HP: 2/57 [something (5)]
 11281 | D:10     | Mangled by an unseen horror

Skill      XL: |  1  2  3  4  5  6  7  8  9 10 |
---------------+-------------------------------+-----
Fire Magic     | 4 5 6 7 9 11 12 | 12.3
Conjurations   | 2 3 4 5 6 7 8 |  8.6
Spellcasting   | 4 5 6 8 9 10 | 10.5
Fighting       | 1 3 4 |  4.3
Dodging        | |  2.4
Stealth        | |  2.4

Action                   |  1- 3 |  4- 6 |  7- 9 | 10-12 || total
-------------------------+-------+-------+-------+-------++-------
Melee: Short sword       |     1 |       |       |       ||     1
       Dagger            |       |    25 |    56 |    16 ||    97
 Cast: Flame Tongue      |    42 |    92 |   195 |    60 ||   389
       Throw Flame       |     1 |     9 |     7 |    12 ||    29
       Conjure Flame     |     1 |     2 |     6 |     5 ||    14
       Sticky Flame      |       |     4 |    23 |     7 ||    34
       Fireball          |       |       |     2 |    15 ||    17
Evoke: Wand              |       |       |    12 |     4 ||    16
  Use: Scroll            |     3 |     3 |     9 |     2 ||    17
       Potion            |       |       |     5 |     2 ||     7
 Stab: Sleeping          |     1 |       |       |       ||     1
  Eat: Chunk             |       |    22 |    14 |     8 ||    44
Armor: Robe              |     1 |     8 |    26 |     3 ||    38
       Skin              |       |       |    20 |    33 ||    53
Dodge: Dodged            |    10 |    41 |    95 |    20 ||   166
